 Dungeon Crawl Stone Soup version 0.31-a0-925-g0a390f2509 (webtiles) character file.

Game seed: 5364766981426316234

1885539 Sergey the Worldbinder (level 27, 233/233 HPs)
             Began as a Barachi Earth Elementalist on Oct 18, 2023.
             Was an Initiate of Gozag.
             Escaped with the Orb
             ... and 4 runes!
             The game lasted 03:00:38 (98049 turns).

Sergey the Worldbinder (BaEE)                      Turns: 98049, Time: 03:00:38

Health: 233/233    AC: 18    Str:  8    XL:     27
Magic:  35/49      EV: 30    Int: 43    God:    Gozag
Gold:   5806       SH:  0    Dex: 21    Spells: 8/70 levels left

rFire   + + .        q - staff of Shame {rElec Dex+2 Earth}
rCold   + + .        (no shield)
rNeg    + . .        y - +2 robe {rC+ rF+}
rPois   +            l - +2 helmet {Int+3}
rElec   +            T - +2 cloak {rCorr}
rCorr   +            B - +2 pair of gloves "Nuitha" {rPois rC- Int+7}
SInv    +            I - +2 pair of boots {Fly}
Will    ++++.        s - amulet of Zyhudim {rC+ Regen+ Dex+6}
Stlth   +            r - ring "Tyely" {rPois rC+ Will+ Int+2}
HPRegen 1.38/turn    D - ring "Cuod Iduo" {rF+ rN+ Str-4 Int+4 SInv}
MPRegen 0.31/turn

%: no passive effects
@: flying, studying 2 skills, slow
A: amphibious, slowness 1, strong legs 2, +LOS, hooves 1, strong-willed 1, wild
magic 1
0: Orb of Zot
}: 4/15 runes: decaying, slimy, silver, gossamer
a: Hop, Renounce Religion, Potion Petition, Call Merchant, Bribe Branch


You escaped.
You worshipped Gozag.
Gozag was greatly pleased with you.
You visited 11 branches of the dungeon, and saw 53 of its levels.
You visited the Abyss 1 time.
You also visited: Gauntlet and Ice Cave.

You collected 31468 gold pieces.
You spent 9648 gold pieces at shops.
You paid 16014 gold pieces to Gozag.

Inventory:

Hand Weapons
 g - the +4 scimitar "Spiderslayer" {flame, Will+ SInv Stlth+}
   (You found it on level 5 of the Pits of Slime)

   Will+:     It increases your willpower.
   SInv:      It lets you see invisible.
   Stlth+:    It makes you more stealthy.
 w - a +7 scimitar of flaming
Missiles
 H - 4 curare-tipped darts
 L - 4 throwing nets
Armour
 l - a +2 helmet of intelligence (worn)
 y - a +2 robe of resistance (worn)
 B - the +2 pair of gloves "Nuitha" (worn) {rPois rC- Int+7}
   (You acquired it on level 5 of the Vaults)

   Int+7:     It affects your intelligence (+7).
   rC-:       It makes you vulnerable to cold.
   rPois:     It protects you from poison
 I - a +2 pair of boots of flying (worn)
 O - the +0 kite shield of Astritseg {rF- rC+ Regen+ Int+5}
   (You found it on level 3 of the Elven Halls)

   Int+5:     It affects your intelligence (+5).
   rF-:       It makes you vulnerable to fire.
   rC+:       It protects you from cold.
   Regen+:    It increases your rate of health regeneration.
 T - a +2 cloak of preservation (worn)
 Y - the +2 hat of the Iron City of Dis {rF- rCorr Int+3}
   (You found it in an ice cave)

   Int+3:     It affects your intelligence (+3).
   rF-:       It makes you vulnerable to fire.
   rCorr:     It protects you from acid and corrosion.
Magical Staves
 q - the staff of Shame (weapon) {rElec Dex+2 Earth}
   (You acquired it on level 1 of the Lair of Beasts)

   [staff of earth]

   Base accuracy: +5 Base damage: 5 Base attack delay: 1.2 This weapon's minimum
   attack delay (0.6) is reached at skill level 12.
   Dex+2:     It affects your dexterity (+2).
   rElec:     It insulates you from electricity.
   Earth:     It increases the power of your Earth spells.
   It falls into the 'Staves' category.
   It is a one-handed weapon.
Jewellery
 f - the ring "Patiumox" {Fly rC- Will++ Int+3 Stlth+}
   (You took it off Agnes on level 4 of the Spider Nest)

   [ring of flight]

   Int+3:     It affects your intelligence (+3).
   rC-:       It makes you vulnerable to cold.
   Will++:    It greatly increases your willpower.
   Fly:       It grants you flight.
   Stlth+:    It makes you more stealthy.
 k - the ring "Lawe Nic" {rC++ EV+5 Str-5 Int+3 Dex+2}
   (You took it off a vampire knight on level 2 of the Depths)

   [ring of evasion]

   EV+5:      It affects your evasion (+5).
   Str-5:     It affects your strength (-5).
   Int+3:     It affects your intelligence (+3).
   Dex+2:     It affects your dexterity (+2).
   rC++:      It greatly protects you from cold.
 r - the ring "Tyely" (left hand) {rPois rC+ Will+ Int+2}
   (You bought it in a shop on level 14 of the Dungeon)

   [ring of poison resistance]

   Int+2:     It affects your intelligence (+2).
   rC+:       It protects you from cold.
   rPois:     It protects you from poison Will+: It increases your willpower.
 s - the amulet of Zyhudim (around neck) {rC+ Regen+ Dex+6}
   (You bought it in a shop on level 1 of the Lair of Beasts)

   [amulet of regeneration]

   Dex+6:     It affects your dexterity (+6).
   rC+:       It protects you from cold.
   Regen+:    It increases your rate of health regeneration.
 D - the ring "Cuod Iduo" (right hand) {rF+ rN+ Str-4 Int+4 SInv}
   (You bought it in a shop on level 1 of the Lair of Beasts)

   [ring of see invisible]

   Str-4:     It affects your strength (-4).
   Int+4:     It affects your intelligence (+4).
   rF+:       It protects you from fire.
   rN+:       It protects you from negative energy.
   SInv:      It lets you see invisible.
 P - a ring of willpower
 W - a ring of protection from fire
Wands
 c - a wand of light (1)
 i - a wand of roots (17)
 v - a wand of digging (18)
 J - a wand of mindburst (18)
 U - a wand of charming (51)
Scrolls
 a - 10 scrolls of immolation
 d - 10 scrolls of fear
 j - 16 scrolls of fog {@r2}
 o - 14 scrolls of teleportation {@r3}
 x - 4 scrolls of silence {!r}
 A - 6 scrolls of blinking {@r4}
 F - 4 scrolls of amnesia
 K - 10 scrolls of vulnerability {!r}
 S - 18 scrolls of identify {@r1}
 Z - 6 scrolls of enchant armour
Potions
 b - 2 potions of magic
 e - a potion of cancellation
 h - a potion of resistance
 m - a potion of ambrosia
 p - 12 potions of heal wounds {@q1}
 t - 11 potions of attraction
 u - 8 potions of might {@q3}
 z - 13 potions of curing {@q2}
 E - 6 potions of lignification
 G - 10 potions of brilliance
 M - 6 potions of haste {@q5}
 N - 2 potions of invisibility
 R - 10 potions of mutation
 X - 9 potions of enlightenment
Miscellaneous
 n - a phantom mirror
 C - a sack of spiders
 V - a condenser vane


   Skills:
 + Level 22.5 Fighting
 - Level 4.0(6.8) Short Blades
 - Level 9.5(10.0) Long Blades
 - Level 2.0 Throwing
 - Level 8.0 Armour
 + Level 22.8 Dodging
 - Level 3.0 Stealth
 - Level 22.0 Spellcasting
 - Level 12.0 Conjurations
 - Level 24.0 Summonings
 - Level 10.0 Necromancy
 - Level 1.1 Transmutations
 - Level 6.0 Fire Magic
 - Level 19.0 Air Magic
 - Level 8.0 Earth Magic
 - Level 8.0 Evocations


You had 8 spell levels left.
You knew the following spells:

 Your Spells              Type           Power      Damage    Failure   Level
a - Plasma Beam           Fire/Air       58%        2x1d73    1%          6
b - Monstrous Menagerie   Summ           73%        N/A       1%          7
c - Summon Lightning Spi  Summ/Air       100%       N/A       1%          4
d - Summon Horrible Thin  Summ           73%        N/A       1%          8
e - Airstrike             Air            67%        2d(10-26) 1%          4
f - Spellforged Servitor  Conj/Summ      66%        N/A       1%          7
g - Sublimation of Blood  Necr           100%       N/A       1%          2
h - Passwall              Tmut/Erth      88%        N/A       1%          2
i - Irradiate             Conj/Tmut      47%        3d27      1%          5
r - Dragon's Call         Summ           73%        N/A       4%          9
M - Maxwell's Capacitive  Air            67%        ∞         2%          8

Your spell library contained the following spells:

 Spells                   Type           Power      Damage    Failure   Level
 Foxfire                  Conj/Fire      100%       2x1d9     1%          1
 Kiss of Death            Conj/Necr      100%       2d13      1%          1
 Magic Dart               Conj           100%       1d8       1%          1
 Sandblast                Erth           100%       2d20      1%          1
 Shock                    Conj/Air       100%       1d9       1%          1
 Slow                     Hex            100%       N/A       1%          1
 Sting                    Tmut/Pois      100%       1d8       1%          1
 Blink                    Tloc           100%       N/A       1%          2
 Call Imp                 Summ           100%       N/A       1%          2
 Cigotuvi's Dreadful Rot  Necr/Pois/Air  100%       N/A       1%          2
 Ensorcelled Hibernation  Hex/Ice        100%       N/A       1%          2
 Jinxbite                 Hex            100%       N/A       1%          2
 Lesser Beckoning         Tloc           100%       N/A       1%          2
 Momentum Strike          Conj/Tloc      100%       3d10      1%          2
 Searing Ray              Conj           100%       2d8       1%          2
 Static Discharge         Conj/Air       100%       2-7/arc   1%          2
 Call Canine Familiar     Summ           100%       N/A       1%          3
 Dazzling Flash           Conj/Hex       100%       N/A       1%          3
 Hailstorm                Conj/Ice       91%        3d18      1%          3
 Inner Flame              Hex/Fire       76%        N/A       1%          3
 Mephitic Cloud           Conj/Pois/Air  100%       N/A       1%          3
 Stone Arrow              Conj/Erth      100%       3d13      1%          3
 Swiftness                Air            100%       N/A       1%          3
 Vampiric Draining        Necr           100%       2d13      1%          3
 Volatile Blastmotes      Fire/Tloc      100%       2d18      1%          3
 Anguish                  Hex/Necr       43%        N/A       1%          4
 Animate Armour           Summ/Erth      100%       N/A       1%          4
 Brom's Barrelling Bould  Conj/Erth      100%       2d11      1%          4
 Dispel Undead            Necr           100%       3d31      1%          4
 Fulminant Prism          Conj/Hex       45%        3d21      1%          4
 Iskenderun's Mystic Bla  Conj/Tloc      91%        2d18      1%          4
 Petrify                  Tmut/Erth      100%       N/A       1%          4
 Summon Ice Beast         Ice/Summ       100%       N/A       1%          4
 Fireball                 Conj/Fire      52%        3d20      1%          5
 Lee's Rapid Deconstruct  Erth           61%        3d28*     1%          5
 Summon Mana Viper        Hex/Summ       100%       N/A       1%          5
 Haunt                    Necr/Summ      64%        N/A       1%          7
 Confusing Touch          Hex            57%        N/A       2%          3
 Sigil of Binding         Hex            57%        N/A       2%          3
 Tukima's Dance           Hex            57%        N/A       2%          3
 Death Channel            Necr           53%        N/A       2%          6
 Malign Gateway           Summ/Tloc      57%        N/A       4%          7
 Cause Fear               Hex            28%        N/A       7%          4
 Dimensional Bullseye     Hex/Tloc       28%        N/A       7%          4
 Manifold Assault         Tloc           57%        N/A       7%          4
 Olgreb's Toxic Radiance  Pois           57%        N/A       7%          4
 Passage of Golubria      Tloc           57%        N/A       7%          4
 Yara's Violent Unravell  Hex/Tmut       30%        3d13      14%         5
 Borgnjor's Revivificati  Necr           53%        N/A       50%         8
 Lehudib's Crystal Spear  Conj/Erth      65%        10d15     50%         8
 Eringya's Noxious Bog    Tmut/Pois      30%        4d6       54%         6
 Dispersal                Tloc           28%        N/A       63%         6
 Ignition                 Fire           45%        3d13      96%         8
 Enfeeble                 Hex            28%        N/A       99%         7
 Ozocubu's Refrigeration  Ice            28%        4d13      99%         7
 Discord                  Hex            28%        N/A       100%        8
 Disjunction              Tloc           28%        N/A       100%        8
 Death's Door             Necr           53%        N/A       100%        9
 Polar Vortex             Ice            28%        12d3*     100%        9
 Shatter                  Erth           61%        3d46*     100%        9
 Simulacrum               Ice/Necr       Unusable   N/A       N/A         6

Dungeon Overview and Level Annotations

Branches:
Dungeon (15/15)            Temple (1/1) D:4            Lair (5/5) D:11
  Swamp (4/4) Lair:3       Spider (4/4) Lair:3        Slime (5/5) Lair:4
    Orc (2/2) D:12            Elf (3/3) Orc:2        Vaults (5/5) D:14
  Crypt (0/3) Vaults:2     Depths (4/4) D:15            Zot (5/5) Depths:4
  IceCv (visited)         Gauntlet (visited)

Altars:
Ashenzari
Cheibriados
Dithmenos
Elyvilon
Fedhas
Gozag
Hepliaklqana
Kikubaaqudgha
Makhleb
Nemelex Xobeh
Okawaru
Qazlal
Ru
Sif Muna
Trog
Uskayaw
Vehumet
Wu Jian
Xom
Yredelemnul
Zin
The Shining One

Shops:
D:13 *   D:14 =   Orc:2 [([[   Elf:1 :   Lair:1 :=*   Vaults:1 ?   Vaults:4 [[
Depths:1 :?((

Portals:
Hell: Depths:1 Depths:2 Depths:3
Abyss: Depths:1
Pandemonium: Depths:2 Depths:3

Annotations:
D:1 exclusion: downstairs
D:3 2 transporters, exclusion: upstairs, Gruesome's ghost, amateur OpSh
D:4 exclusion: downstairs
D:7 exclusion: downstairs
D:11 Erica
Lair:2 exclusion: 2 hydras
Lair:3 exclusion: downstairs
Swamp:2 Roxanne
Swamp:3 1 runed translucent door, Mara; t4s4d4r's ghost, journeyman DESu
Spider:3 exclusion: downstairs
Slime:4 exclusion: downstairs
Elf:1 3 runed translucent doors
Elf:2 3 runed translucent doors
Vaults:3 exclusion: downstairs
Depths:2 1 runed translucent door


Innate Abilities, Weirdness & Mutations

You are amphibious.
You cover ground slowly.
You can hop long distances.
You have an extended range of vision and can be seen from far away.
You have large cloven feet.
You are strong-willed. (Will+)
Your spells are a little harder to cast, but a little more powerful.


Message History

The Orb Guardian attacks as it pursues you!
The Orb Guardian hits you!! x2
Casting: Summon Horrible Things (mildly dangerous; 1% risk of failure)
Confirm with . or Enter, or press ? or * to list all spells.
The Orb Guardian hits you! The Orb Guardian completely misses you.
Your tentacled monstrosity tentacle-slaps the Orb Guardian. x2
Your tentacled monstrosity tentacle-slaps the Orb Guardian!
Your tentacled monstrosity grabs the Orb Guardian.
Your tentacled monstrosity constricts the Orb Guardian!
There is a stone staircase leading up here.
You swap places.
The Orb Guardian struggles to escape constriction.
Your tentacled monstrosity tentacle-slaps the Orb Guardian!
Your tentacled monstrosity tentacle-slaps the Orb Guardian. x2
Your tentacled monstrosity constricts the Orb Guardian.
Your large abomination hits the Orb Guardian.
Your large abomination hits the Orb Guardian but does no damage.
Your large abomination hits the Orb Guardian!!
The Orb Guardian barely misses your large abomination.
The Orb Guardian hits your large abomination!!
Your tentacled monstrosity tentacle-slaps the Orb Guardian!
The Orb Guardian dies!
You swap places.
There is a stone staircase leading up here.
You fly upwards.
Your summoned allies are left behind.
There is a stone staircase leading down here.
There is a stone staircase leading down here.
A reaper comes into view. It is wielding a +2 scythe of pain.
The reaper moves out of view.
There is a stone staircase leading up here.
You fly upwards.
Level annotation: exclusion: downstairs You are ready to hop once more.
There is a stone staircase leading down here.
HP restored.
There is an open door here.
There is a staircase leading out of the dungeon here.
Unknown command.
You have escaped!

#... ###############... ###
#####.........##...... ..#
#.+.#.........##...... ..#
#########.#.#.........##...... >.#
##......#..#.#.................
..###.........##.#.........#####...
...............#.##........###.....
..##...........'.@#............#...
..##..........##.##........######..
..##..........##.#.........# ####..
####..........##.#........>###....#
#............###.##....#####...##.#
#.##...........'.##.#.## #.####.#
..##......[....###....# #.# #.#
####..........##.##..## #.# #.#
#.................# #.# #.#


There were no monsters in sight!

Vanquished Creatures
  the Royal Jelly (Slime:5)
  3 orbs of fire
  A Killer Klown (Zot:5)
  Nikola (Swamp:1)
  3 Orb Guardians
  A quicksilver dragon (Depths:2)
  A titan (Depths:2)
  3 liches
  4 acid blobs (Slime:5)
  A deep elf master archer (Elf:3)
  A sphinx (Vaults:4)
  A shadow dragon (Vaults:5)
  2 tengu reavers
  A storm dragon (Zot:4)
  An azure jelly (Slime:4)
  3 fire giants
  3 frost giants (Depths:2)
  3 deep elf sorcerers (Elf:3)
  5 vault wardens
  3 ghost moths
  A deep elf elementalist (Elf:3)
  4 very ugly things
  8 ironbound preservers
  A quicksilver ooze (Slime:5)
  A draconian annihilator (Zot:4)
  3 orc warlords
  3 ironbound thunderhulks
  2 war gargoyles
  7 stone giants
  2 vampire knights
  A yellow draconian (Depths:4)
  5 deep elf annihilators (Elf:3)
  A demonspawn black sun (Zot:1)
  Azrael (Spider:3)
  A spark wasp (Depths:2)
  A purple draconian (Zot:4)
  A red draconian (Zot:2)
  2 deep elf death magi
  2 dire elephants
  2 deep elf high priests (Elf:3)
  7 yaktaur captains
  6 ettins
  A shambling mangrove (Swamp:4)
  A fire dragon (Depths:2)
  7 hydras
  2 great orbs of eyes (Vaults:4)
  5 rakshasas (Depths:2)
  3 vault guards
  2 peacekeepers
  10 ironbound frosthearts
  7 boulder beetles
  6 ice dragons
  2 catoblepae (Lair:5)
  11 centaur warriors
  3 ogre magi
  A ghost crab (Swamp:3)
  2 tengu warriors
  An alligator (Swamp:2)
  2 two-headed ogres
  A deep troll shaman (Depths:2)
  A vampire mage (D:15)
  6 dancing weapons
  10 death yaks
  2 deep troll earth magi
  4 spriggan berserkers
  2 orc high priests
  A sun demon (D:5)
  2 deep elf knights (Elf:1)
  3 goliath frogs
  An iron troll (Depths:1)
  2 skysharks
  A skeletal warrior (D:15)
  5 arcanists
  Lodul (D:12)
  2 bog bodies
  21 deep trolls
  2 spriggan druids (Swamp:4)
  2 orb spiders
  A deep elf archer (Elf:1)
  3 phantasmal warriors
  A tengu zombie (Vaults:2)
  5 ironbound convokers
  11 deep elf zephyrmancers
  An occultist (Depths:2)
  A lindwurm (Lair:4)
  6 swamp dragons
  2 necromancers
  13 ugly things
  5 deep elf pyromancers
  2 wolf spiders
  2 orc sorcerers
  5 orc knights
  A human zombie (Vaults:2)
  5 cyclopes
  A moth of wrath (Zot:1)
  A rust devil (Zot:5)
  A smoke demon (Depths:3)
  Maurice (D:8)
  10 elephants
  2 gargoyles
  3 black mambas
  5 vault sentinels
  5 eyes of devastation (Slime:5)
  4 unseen horrors
  8 yaktaurs
  13 nameless horrors
  2 kobold demonologists
  6 rime drakes
  A freezing wraith (Vaults:4)
  10 komodo dragons
  An efreet (D:15)
  A yaktaur skeleton (Vaults:2)
  A tengu conjurer (D:15)
  A wind drake (shapeshifter) (Elf:1)
  2 tyrant leeches
  10 trolls
  3 meliai (D:15)
  2 bloated husks
  3 hornets (Swamp:4)
  4 polar bears
  8 blink frogs
  35 slime creatures
  2 jumping spiders (Spider:4)
  3 culicivoras (Lair:3)
  A shadow (D:11)
  6 water elementals
  2 wyverns (Lair:2)
  58 yaks
  A vampire (D:12)
  A fire elemental (Spider:3)
  A hog (Spider:4)
  A wraith (D:13)
  A human (D:14)
  2 fire bats (Lair:1)
  A golden eye (shapeshifter) (D:14)
  A steam dragon (D:8)
  5 redbacks
  4 vampire mosquitoes (D:12)
  2 basilisks
  2 chaos spawn
  5 golden eyes
  8 swamp worms
  5 wargs
  An acid dragon (D:14)
  A hell hound (Spider:3)
  5 water moccasins
  22 orc warriors
  4 swamp drakes
  An ice beast (D:5)
  2 black bears
  3 sky beasts
  A boggart (Vaults:1)
  12 wolves
  3 ogres
  12 centaurs
  A phantom (D:6)
  7 kobold brigands
  Blork the orc (D:5)
  14 bullfrogs
  A scorpion (D:5)
  14 wights
  2 small abominations (Depths:1)
  4 killer bees (D:7)
  A vampire bat (D:13)
  5 electric eels
  A lava snake (Lair:1)
  3 hounds (D:11)
  18 orc priests
  2 jellies
  2 sleepcaps (D:6)
  2 iguanas
  22 orc wizards
  8 gnolls
  10 adders
  A shadow imp (D:6)
  A white imp (D:6)
  2 ufetubi (D:5)
  A worm (D:2)
  A dart slug (D:1)
  75 orcs
  4 bats
  4 bat skeletons (D:13)
  2 bat zombies (D:13)
  8 endoplasms
  4 giant cockroaches
  2 goblins
  5 hobgoblins
  32 kobolds
  4 quokkas
  5 ball pythons
  5 frilled lizards
  3 rats
  2 boulders (Lair:3)
905 creatures vanquished.

Vanquished Creatures (collateral kills)
  Dissolution (Slime:3)
  A seraph (Zot:5)
  2 dread liches (Zot:5)
  2 ancient liches (Zot:5)
  2 juggernauts
  Sojobo (Depths:2)
  4 Killer Klowns (Zot:5)
  A curse toe (Zot:5)
  7 caustic shrikes
  4 golden dragons
  Norris (Depths:1)
  2 electric golems (Zot:5)
  11 tentacled monstrosities
  24 Orb Guardians
  3 titans
  Asterion (Depths:2)
  A deep elf master archer (Elf:3)
  2 deep elf blademasters (Elf:3)
  A walking earthen tome (Depths:2)
  2 walking divine tomes
  4 sphinxes
  10 acid blobs
  3 quicksilver dragons
  An Executioner (Zot:4)
  Agnes (Spider:4)
  2 thorn hunters (Swamp:4)
  Kirke (Spider:4)
  6 tengu reavers
  5 shadow dragons
  3 death cobs
  3 draconian monks
  Aizul (Depths:2)
  8 storm dragons
  10 rockslimes
  14 fire giants
  11 azure jellies
  5 draconian knights
  3 emperor scorpions
  12 vault wardens
  A balrug (D:5)
  An iron dragon (Depths:2)
  6 draconian scorchers
  4 deep elf sorcerers
  14 frost giants
  19 ironbound preservers
  3 draconian stormcallers
  An angel (Zot:5)
  5 draconian annihilators
  2 ghost moths
  4 draconian shifters
  2 cacodemons
  2 orc warlords
  8 quicksilver oozes
  5 war gargoyles
  An ophan (Abyss:2)
  A spriggan defender (Depths:2)
  17 stone giants
  2 formless jellyfish (Slime:5)
  4 ironbound thunderhulks
  15 very ugly things
  6 deep elf demonologists
  2 vampire knights
  6 green draconians
  2 deep elf annihilators (Elf:3)
  An eleionoma (Swamp:1)
  3 black draconians
  5 white draconians
  4 red draconians
  3 purple draconians
  11 dire elephants
  5 yellow draconians
  8 spark wasps
  3 jiangshi (Depths:1)
  13 ettins
  A green death (Abyss:2)
  11 fire dragons
  4 blizzard demons
  6 deep elf death magi
  A merfolk impaler (Depths:4)
  3 entropy weavers
  A deep elf high priest (Elf:3)
  A great orb of eyes (Slime:5)
  4 rakshasas (Depths:2)
  9 yaktaur captains
  2 sphinx zombies (D:15)
  16 vault guards
  10 hydras
  13 ice dragons
  A catoblepas (Lair:5)
  2 peacekeepers
  A spriggan air mage (Depths:2)
  A ghost crab (Swamp:1)
  5 centaur warriors
  3 jorogumos
  4 ironbound frosthearts
  4 alligators
  A two-headed ogre (shapeshifter) (Depths:2)
  5 two-headed ogres
  4 radroaches
  3 boulder beetles
  10 deep troll earth magi
  6 spriggan berserkers
  10 demonic crawlers
  A tengu warrior (D:15)
  A sphinx skeleton (D:15)
  7 deep troll shamans
  7 dancing weapons
  A vampire mage (Depths:1)
  2 soul eaters
  2 hell knights
  3 sun demons (D:5)
  15 deep elf knights
  A skyshark (Depths:1)
  4 iron trolls
  2 sixfirhies (Zot:5)
  4 skeletal warriors (D:15)
  A goliath frog (Swamp:1)
  3 spriggan druids
  3 pharaoh ants
  4 arcanists
  5 glowing orange brains
  11 swamp dragons
  14 deep elf archers
  A flayed ghost (Depths:2)
  6 orb spiders
  6 bog bodies (Swamp:4)
  An orange crystal statue (IceCv)
  54 deep trolls
  4 steelbarb worms
  A phantasmal warrior (Vaults:5)
  An occultist (Depths:2)
  11 ironbound convokers
  13 deep elf pyromancers
  3 necromancers
  3 lindwurms (Vaults:1)
  15 deep elf zephyrmancers
  10 orc knights
  24 ugly things
  A mana viper (shapeshifter) (Depths:1)
  6 shining eyes
  2 orc sorcerers (Orc:2)
  4 will-o-the-wisps (Swamp:4)
  11 wolf spiders
  3 manticores
  4 elephants
  11 moths of wrath
  A black mamba (Lair:4)
  A smoke demon (Abyss:2)
  2 eyes of devastation
  6 torpor snails
  10 vault sentinels
  A hellion (Abyss:2)
  A komodo dragon (Lair:5)
  An unseen horror (Depths:1)
  A cane toad (Lair:5)
  A freezing wraith (Vaults:5)
  5 rime drakes (IceCv)
  3 tormentors
  A kobold demonologist (D:11)
  24 yaktaurs
  A troll (D:12)
  3 meliai (Spider:4)
  A hornet (shapeshifter) (Depths:2)
  2 trolls (shapeshifter)
  5 tyrant leeches
  5 raiju (Abyss:2)
  7 polar bears (IceCv)
  25 tarantellas
  8 hornets
  4 blink frogs
  7 culicivoras
  75 slime creatures
  16 jumping spiders
  13 yaks
  2 spriggans (Swamp:4)
  6 water elementals
  A hog (shapeshifter) (Vaults:5)
  2 humans (D:14)
  4 chaos spawn
  6 fire elementals
  7 hogs (Spider:4)
  33 redbacks
  2 neqoxecs
  4 vampire mosquitoes (D:12)
  2 wargs
  5 large abominations
  3 water moccasins
  2 swamp worms
  A swamp worm (shapeshifter) (Depths:3)
  3 nameless horrors
  7 hell hounds
  8 swamp drakes (Swamp:4)
  16 orc warriors
  5 ogres (D:12)
  6 centaurs
  4 wolves (Lair:3)
  2 kobold brigands (D:11)
  An earth elemental (Elf:3)
  2 small abominations (Depths:1)
  A wight (D:10)
  A human simulacrum (Vaults:2)
  8 orc priests
  3 jellies (Lair:4)
  An iron imp (Abyss:2)
  11 orc wizards
  52 orcs
  3 kobolds (D:11)
  21 boulders
1258 creatures vanquished.

Vanquished Creatures (others)
  3 dread liches
  An orb of fire (Zot:5)
  A Killer Klown (Zot:5)
  3 tentacled monstrosities
  5 Orb Guardians (Zot:5)
  2 liches (Vaults:5)
  2 titans (Vaults:5)
  A sphinx (Vaults:5)
  A shadow dragon (Vaults:5)
  A storm dragon (Zot:5)
  A tengu reaver (Vaults:5)
  An emperor scorpion (Spider:1)
  A vault warden (Vaults:5)
  A fire giant (Vaults:5)
  A draconian knight (Zot:5)
  A draconian scorcher (Zot:2)
  2 frost giants (Vaults:5)
  An ironbound preserver (Vaults:5)
  A ghost moth (Spider:4)
  A stone giant (Vaults:5)
  An orc warlord (Vaults:1)
  2 draconian shifters
  A very ugly thing (Depths:3)
  A lorocyproca (Zot:2)
  A deep elf annihilator (Vaults:5)
  2 yellow draconians (Zot:5)
  2 spark wasps (Depths:1)
  2 ettins (Vaults:5)
  A shambling mangrove (Swamp:4)
  12 vault guards (Vaults:5)
  An ogre mage (Vaults:5)
  A tengu warrior (D:13)
  3 two-headed ogres (Vaults:5)
  2 hell knights (Vaults:5)
  A shadow wraith (Vaults:5)
  A deep elf knight (Elf:3)
  A deep troll (Vaults:5)
  A swamp dragon (Swamp:4)
  2 ironbound convokers (Vaults:5)
  4 moths of wrath (Zot:5)
  A freezing wraith (Vaults:5)
  A dream sheep (shapeshifter) (Vaults:5)
  A hornet (Spider:4)
  A warg (D:12)
  2 orc warriors
  3 ogres (Vaults:5)
  A centaur (D:13)
  An orc (Vaults:5)
  13 boulders
  7 foxfires (Swamp:4)
104 creatures vanquished.

Grand Total: 2267 creatures vanquished

Notes
Turn   | Place    | Note
-------+----------+-------------------------------------------
     0 | D:1      | Sergey the Barachi Earth Elementalist began the quest for
                  | the Orb.
     0 | D:1      | Reached XP level 1. HP: 13/13 MP: 3/3
   371 | D:1      | Reached skill level 1 in Fighting
   464 | D:1      | Found a faded altar of an unknown god.
   507 | D:1      | Reached XP level 2. HP: 21/21 MP: 3/5
   549 | D:1      | Learned a level 2 spell: Passwall
  1057 | D:1      | Found a faded altar of an unknown god.
  1833 | D:2      | Reached XP level 3. HP: 26/26 MP: 4/6
  2016 | D:1      | Learned a level 3 spell: Stone Arrow
  2393 | D:2      | Reached XP level 4. HP: 34/34 MP: 3/8
  3220 | D:3      | Reached skill level 1 in Conjurations
  3226 | D:3      | Reached XP level 5. HP: 41/41 MP: 2/9
  3293 | D:3      | Learned a level 4 spell: Brom's Barrelling Boulder
  3742 | D:3      | Found a burning altar of Makhleb.
  4814 | D:3      | Identified the +6 short sword of Begraote {freeze, rN+}
  5110 | D:3      | Noticed a phantom
  5111 | D:3      | Noticed Gruesome's ghost (amateur OpSh)
  5153 | D:3      | Found a transporter.
  5282 | D:3      | Reached skill level 1 in Short Blades
  5622 | D:3      | Found a sparkling altar of Nemelex Xobeh.
  5770 | D:3      | Found a transporter.
  6413 | D:4      | Found a staircase to the Ecumenical Temple.
  6454 | Temple   | Entered the Ecumenical Temple
  6480 | Temple   | Became a worshipper of Gozag Ym Sagoz the Greedy
  6660 | D:4      | Reached XP level 6. HP: 47/47 MP: 8/10
  8156 | D:4      | Reached skill level 1 in Throwing
  8156 | D:4      | Reached XP level 7. HP: 46/52 MP: 1/11
  8452 | D:5      | Entered Level 5 of the Dungeon
  8523 | D:5      | Identified the +3 leather armour "Vyzeuf" {rN+}
  8752 | D:5      | Reached skill level 1 in Evocations
  9747 | D:5      | Noticed Blork the orc
  9751 | D:5      | Killed Blork the orc
  9827 | D:5      | Reached skill level 5 in Conjurations
  9827 | D:5      | Reached skill level 5 in Earth Magic
  9827 | D:5      | Reached XP level 8. HP: 58/58 MP: 7/14
 11226 | D:6      | Reached skill level 5 in Spellcasting
 11636 | D:6      | Found a shimmering blue altar of Sif Muna.
 12092 | D:7      | Reached XP level 9. HP: 65/65 MP: 11/18
 12732 | D:7      | Reached skill level 5 in Fighting
 14102 | D:8      | Noticed Maurice
 14108 | D:8      | Killed Maurice
 14109 | D:8      | Reached XP level 10. HP: 77/77 MP: 12/19
 14759 | D:8      | Reached skill level 5 in Dodging
 16677 | D:9      | Found a sacrificial altar of Ru.
 16677 | D:9      | Found a hazy altar of Hepliaklqana.
 16751 | D:10     | Entered Level 10 of the Dungeon
 16751 | D:10     | Found a stormy altar of Qazlal.
 16760 | D:10     | Reached skill level 10 in Fighting
 16760 | D:10     | Reached XP level 11. HP: 90/90 MP: 12/20
 16762 | D:10     | Reached skill level 1 in Armour
 17167 | D:10     | Found an iron altar of Okawaru.
 18540 | D:11     | Found a gate leading to a gauntlet.
 18550 | Gauntlet | Entered a Gauntlet
 18550 | Gauntlet | Found a transporter.
 18550 | Gauntlet | Found a transporter.
 18553 | Gauntlet | Found a transporter.
 18555 | Gauntlet | Found a transporter.
 18555 | Gauntlet | Found a transporter.
 18556 | Gauntlet | Found a transporter.
 18562 | Gauntlet | Noticed a green death
 18564 | Gauntlet | Noticed a wretched star
 18565 | Gauntlet | Found a transporter.
 18566 | Gauntlet | Found a transporter.
 18569 | Gauntlet | Found a transporter.
 18569 | Gauntlet | Found a transporter.
 18574 | Gauntlet | Noticed a red ugly thing
 18576 | Gauntlet | Noticed a purple ugly thing
 18577 | Gauntlet | Noticed a great orb of eyes
 18580 | Gauntlet | Found a transporter.
 18583 | Gauntlet | Noticed an obsidian statue
 18584 | Gauntlet | Found a transporter.
 18962 | D:11     | Found a staircase to the Lair.
 19295 | D:11     | Noticed Erica
 19314 | Lair:1   | Entered Level 1 of the Lair of Beasts
 19380 | Lair:1   | Reached skill level 1 in Air Magic
 19801 | Lair:1   | Identified a scroll of acquirement
 19802 | Lair:1   | Acquired the staff of Shame {rElec Dex+2 Earth}
 19812 | Lair:1   | Identified the +2 quarterstaff of Reses {freeze, *Corrode
                  | rF+ Stlth+}
 19947 | Lair:1   | Identified the +9 quarterstaff "Riuladgh" {holy, rElec
                  | Dex+3 SInv}
 19988 | Lair:1   | Found a glowing golden altar of the Shining One.
 20376 | Lair:1   | Reached XP level 12. HP: 74/97 MP: 10/24
 20875 | Lair:1   | Bought a book of Storms for 468 gold pieces
 20880 | Lair:1   | Learned a level 4 spell: Summon Lightning Spire
 20917 | Lair:2   | Reached skill level 1 in Summonings
 21248 | Lair:2   | Reached skill level 5 in Air Magic
 21306 | Lair:2   | Reached skill level 2 in Summonings
 21434 | Lair:2   | Noticed an eight-headed hydra
 21441 | Lair:2   | Noticed a seven-headed hydra
 21640 | Lair:2   | Found a transporter.
 21641 | Lair:2   | Found a transporter.
 21642 | Lair:2   | Noticed a boulder beetle
 21663 | Lair:2   | Killed a boulder beetle
 22071 | Lair:2   | Reached skill level 10 in Spellcasting
 22261 | Lair:2   | Killed an eight-headed hydra
 22838 | Lair:3   | Found a staircase to the Swamp.
 22858 | Lair:3   | Noticed a boulder beetle
 22877 | Lair:3   | Killed a boulder beetle
 23735 | Lair:3   | Noticed a death yak
 23735 | Lair:3   | Noticed a death yak
 23737 | Lair:3   | Noticed a death yak
 23738 | Lair:3   | Gained mutation: You can hop long distances. [Barachi
                  | growth]
 23738 | Lair:3   | Reached XP level 13. HP: 107/107 MP: 25/28
 24147 | Lair:1   | Bought a manual of Summonings for 1440 gold pieces
 24346 | Lair:3   | Found a hole to the Spider Nest.
 24360 | Lair:3   | Reached skill level 3 in Summonings
 24633 | Lair:3   | Reached skill level 4 in Summonings
 24928 | Lair:4   | Reached skill level 5 in Summonings
 25131 | Lair:4   | Reached skill level 6 in Summonings
 25247 | Lair:4   | Found a staircase to the Slime Pits.
 25291 | Lair:4   | Reached skill level 7 in Summonings
 25411 | Lair:4   | Reached skill level 8 in Summonings
 25574 | Lair:4   | Reached skill level 9 in Summonings
 26119 | Lair:4   | Reached skill level 10 in Summonings
 26158 | Lair:4   | Identified the +1 robe of Youthful Indiscretion {Dex+3}
 26186 | Lair:5   | Entered Level 5 of the Lair of Beasts
 26256 | Lair:5   | Reached skill level 5 in Evocations
 26934 | Lair:5   | Reached XP level 14. HP: 115/115 MP: 8/30
 28541 | Lair:5   | Identified the +5 morningstar "Uchezuan" {heavy, Dex+3
                  | SInv}
 28801 | D:11     | Learned a level 4 spell: Airstrike
 29153 | D:12     | Noticed Lodul
 29298 | D:12     | Killed Lodul
 29685 | D:12     | Found a staircase to the Orcish Mines.
 31031 | D:13     | Found Yhyrph's General Store.
 31572 | D:13     | Reached skill level 10 in Dodging
 32066 | D:13     | Bought a scroll of fear for 64 gold pieces
 32401 | D:13     | Identified the +1 ring mail of Wisdom {rC- Will++ rCorr
                  | Dex+2}
 33532 | D:13     | Found an ancient bone altar of Kikubaaqudgha.
 33619 | D:13     | Bought a +1 robe of willpower for 203 gold pieces
 33697 | Orc:1    | Entered Level 1 of the Orcish Mines
 34243 | Orc:1    | Reached XP level 15. HP: 125/126 MP: 17/32
 35015 | Orc:2    | Entered Level 2 of the Orcish Mines
 35056 | Orc:2    | Found a staircase to the Elven Halls.
 35473 | Orc:2    | Found Zuommud's Armour Shoppe.
 35618 | Orc:2    | Bought a +2 pair of gloves for 264 gold pieces
 36059 | Orc:2    | Noticed an orc warlord
 36383 | Orc:2    | Killed an orc warlord
 36638 | Orc:2    | Found Muogo's Antique Weapon Emporium.
 36642 | Orc:2    | Noticed an orc warlord
 36651 | Orc:2    | Killed an orc warlord
 36743 | Orc:2    | Found Humnur's Antique Armour Shoppe.
 36831 | Orc:2    | Bought a pair of glowing boots for 247 gold pieces
 36921 | Orc:2    | Reached skill level 11 in Summonings
 37362 | Orc:2    | Found Cujin's Antique Armour Shoppe.
 37371 | Orc:2    | Bought a twisted robe for 142 gold pieces
 37371 | Orc:2    | Identified the +1 robe of the Golden God {Regen+ Str-5
                  | Dex+4} (You bought it in a shop on level 2 of the Orcish
                  | Mines)
 37580 | Lair:1   | Bought the Anthology of Doomed Allies for 576 gold pieces
 37588 | Lair:1   | Learned a level 7 spell: Monstrous Menagerie
 38869 | D:14     | Reached skill level 12 in Summonings
 39000 | D:14     | Found a gate to the Vaults.
 39387 | D:15     | Entered Level 15 of the Dungeon
 40590 | D:15     | Reached skill level 13 in Summonings
 40880 | D:15     | Reached skill level 10 in Conjurations
 41165 | D:15     | Found a staircase to the Depths.
 41374 | D:15     | Identified the +0 pair of gloves "Tuesiy" {rElec rN+ Slay+3
                  | Stlth-}
 41404 | D:15     | Reached skill level 14 in Summonings
 41642 | D:15     | Reached XP level 16. HP: 133/133 MP: 9/34
 42250 | D:15     | Found a sacrificial altar of Ru.
 42480 | Swamp:1  | Entered Level 1 of the Swamp
 42484 | Swamp:1  | Noticed Nikola
 42500 | Swamp:1  | Reached skill level 15 in Summonings
 42514 | Swamp:1  | Killed Nikola
 42521 | Swamp:1  | Reached skill level 16 in Summonings
 42714 | Lair:1   | Bought the Omnibus of the Cwm and Trauma for 864 gold
                  | pieces
 42722 | Lair:1   | Learned a level 7 spell: Spellforged Servitor
 42907 | Swamp:1  | Noticed a tentacled monstrosity
 42913 | Swamp:1  | Killed a tentacled monstrosity
 44077 | Swamp:2  | Noticed Roxanne
 44878 | Swamp:2  | Found an ornate altar of the Wu Jian Council.
 45367 | Swamp:3  | Noticed Mara
 45539 | Swamp:3  | Reached skill level 1 in Fire Magic
 45615 | Swamp:3  | Reached skill level 10 in Air Magic
 45863 | Swamp:3  | Found a runed translucent door.
 45866 | Swamp:3  | Found a shimmering altar of Xom.
 45866 | Swamp:3  | Identified the +8 glaive "Hiaschea" {chaos, Will+}
 45866 | Swamp:3  | Noticed t4s4d4r's ghost (journeyman DESu)
 46081 | Lair:1   | Bought the Incunable of the Breezy Tesseract for 864 gold
                  | pieces
 46088 | Lair:1   | Learned a level 6 spell: Plasma Beam
 46096 | Lair:1   | Bought the amulet of Zyhudim {rC+ Regen+ Dex+6} for 1188
                  | gold pieces
 46317 | Spider:1 | Entered Level 1 of the Spider Nest
 46734 | Spider:1 | Reached skill level 5 in Fire Magic
 47979 | Spider:2 | Reached XP level 17. HP: 139/139 MP: 21/35
 49269 | Spider:3 | Noticed Azrael
 49278 | Spider:3 | Killed Azrael
 50904 | Spider:4 | Entered Level 4 of the Spider Nest
 50960 | Spider:4 | Noticed Kirke
 51268 | Spider:4 | Identified the ring "Patiumox" {Fly rC- Will++ Int+3
                  | Stlth+}
 51268 | Spider:4 | Noticed Agnes
 51275 | Spider:4 | Killed Agnes
 51520 | Spider:4 | Reached skill level 15 in Air Magic
 52380 | Spider:4 | Reached skill level 1 in Long Blades
 52619 | Spider:4 | Killed Kirke
 53688 | Spider:4 | Reached skill level 5 in Long Blades
 53940 | Spider:4 | Reached XP level 18. HP: 146/146 MP: 36/36
 53960 | Spider:4 | Got a gossamer rune of Zot
 54307 | Swamp:1  | Learned a level 8 spell: Maxwell's Capacitive Coupling
 54559 | Swamp:3  | Noticed Sergey's illusion
 55149 | Swamp:4  | Entered Level 4 of the Swamp
 55415 | Swamp:4  | Reached XP level 19. HP: 152/152 MP: 17/37
 56922 | Swamp:4  | Got a decaying rune of Zot
 57951 | Lair:1   | Bought the ring "Cuod Iduo" {rF+ rN+ Str-4 Int+4 SInv} for
                  | 697 gold pieces
 57957 | Lair:1   | Bought a scroll of blinking for 330 gold pieces
 58051 | Orc:2    | Bought an ichor-stained morningstar for 216 gold pieces
 58051 | Orc:2    | Identified the +5 morningstar of Infinite Pain {drain,
                  | *Rage rElec rPois Dex+2} (You bought it in a shop on level
                  | 2 of the Orcish Mines)
 58103 | Crypt:3  | Identified the "Buicife"
 58103 | Depths:1 | Identified the of Tianucur
 58103 | Depths:2 | Identified the "Saifopy"
 58103 | Depths:2 | Identified the "Dediokuu"
 58103 | Elf:1    | Entered Level 1 of the Elven Halls
 58621 | Elf:1    | Found Ehiywun's Book Shop.
 60273 | Elf:1    | Found a runed translucent gate.
 60273 | Elf:1    | Found a runed translucent gate.
 60273 | Elf:1    | Found a runed translucent gate.
 60641 | D:12     | Reached skill level 5 in Armour
 60772 | D:12     | Identified the +11 battleaxe of Avvyca {heavy, rF++ Will+
                  | Str+2}
 61166 | Elf:2    | Identified the +3 leather armour of Divine Intervention
                  | {Will+ Str+2}
 61721 | Elf:2    | Found a runed translucent gate.
 61722 | Elf:2    | Found a runed translucent gate.
 61722 | Elf:2    | Found a runed translucent gate.
 61775 | Elf:3    | Identified the "Savi"
 61775 | Elf:3    | Identified the "Watimoec"
 61775 | Elf:3    | Entered Level 3 of the Elven Halls
 61828 | Elf:3    | Reached skill level 15 in Fighting
 61862 | Elf:3    | Reached XP level 20. HP: 131/162 MP: 20/38
 61958 | Elf:3    | Found a frozen archway.
 61980 | IceCv    | Entered an ice cave
 62060 | IceCv    | Reached skill level 15 in Spellcasting
 63817 | IceCv    | Identified the +2 hat of the Iron City of Dis {rF- rCorr
                  | Int+3}
 64989 | Abyss:2  | Found a runed translucent door.
 64989 | Abyss:2  | Cast into level 2 of the Abyss (a deep elf sorcerer)
 64990 | Abyss:2  | Found a corrupted altar of Lugonu.
 65108 | Abyss:2  | Found a corrupted altar of Lugonu.
 65192 | Elf:3    | Escaped the Abyss
 65316 | Elf:3    | Identified the +7 short sword "Fizeim" {heavy, *Slow rF+
                  | rC+ Int+3}
 65316 | Elf:3    | Identified the +6 scale mail "Pocvotyu" {+Blink Str-3
                  | Int+8}
 65618 | Elf:3    | Identified the ring "Waudoil" {Ice rElec Str-2 Dex+6}
 65968 | Elf:3    | Identified the +0 kite shield of Astritseg {rF- rC+ Regen+
                  | Int+5}
 66277 | D:14     | Bought the ring "Tyely" {rPois rC+ Will+ Int+2} for 613
                  | gold pieces
 66280 | Vaults:1 | Entered Level 1 of the Vaults
 66672 | Vaults:1 | Reached XP level 21. HP: 149/171 MP: 7/43
 66841 | Vaults:1 | Found Biahiluly's Magic Scroll Emporium.
 66904 | Vaults:1 | Bought a scroll of acquirement for 884 gold pieces
 66904 | Vaults:1 | Identified the "Ukkadiev" (You acquired it on level 1 of
                  | the Vaults)
 66904 | Vaults:1 | Acquired 1089 gold pieces
 66940 | Vaults:1 | Bought a scroll of teleportation for 51 gold pieces
 66940 | Vaults:1 | Bought a scroll of teleportation for 51 gold pieces
 66940 | Vaults:1 | Bought a scroll of teleportation for 51 gold pieces
 67382 | Vaults:1 | Reached skill level 17 in Summonings
 69654 | Vaults:2 | Reached skill level 18 in Summonings
 70161 | Vaults:2 | Reached skill level 19 in Summonings
 70563 | Vaults:2 | Found a staircase to the Crypt.
 70563 | Vaults:2 | Found a basalt altar of Yredelemnul.
 70564 | Vaults:2 | Found an ancient bone altar of Kikubaaqudgha.
 71280 | Vaults:2 | Reached skill level 20 in Summonings
 72235 | Vaults:3 | Reached XP level 22. HP: 178/178 MP: 3/44
 72576 | Vaults:3 | Reached skill level 21 in Summonings
 72741 | Vaults:3 | Learned a level 9 spell: Dragon's Call
 75476 | Vaults:4 | Reached skill level 22 in Summonings
 76004 | Vaults:4 | Identified the +4 whip of Bloodstone {flame, Drain rF++
                  | Str+5}
 76529 | Vaults:4 | Reached skill level 15 in Dodging
 77573 | Vaults:4 | Learned a level 8 spell: Summon Horrible Things
 77577 | Vaults:4 | Bought a runed helmet for 315 gold pieces
 77854 | Slime:1  | Entered Level 1 of the Pits of Slime
 78272 | Slime:3  | Noticed Dissolution
 78278 | Slime:3  | Killed Dissolution
 78279 | Slime:3  | Reached XP level 23. HP: 184/184 MP: 16/45
 78489 | Slime:5  | Identified the "Kich"
 78489 | Slime:5  | Entered Level 5 of the Pits of Slime
 78500 | Slime:5  | Noticed the Royal Jelly
 78501 | Slime:5  | Reached skill level 23 in Summonings
 79081 | Slime:5  | Gained mutation: You occasionally lose the ability to drink
                  | potions when taking damage. [a shining eye]
 79240 | Slime:4  | Lost mutation: You occasionally lose the ability to drink
                  | potions when taking damage. [potion of mutation]
 79240 | Slime:4  | Gained mutation: You are strong-willed. (Will+) [potion of
                  | mutation]
 79240 | Slime:4  | Gained mutation: Your spells are a little harder to cast,
                  | but a little more powerful. [potion of mutation]
 79240 | Slime:4  | Gained mutation: You have large cloven feet. [potion of
                  | mutation]
 79979 | Slime:5  | Killed the Royal Jelly
 80318 | Slime:5  | Identified the +4 scimitar "Spiderslayer" {flame, Will+
                  | SInv Stlth+}
 80327 | Slime:5  | Got a slimy rune of Zot
 80335 | Slime:5  | Identified the +6 plate armour "Wayren" {rElec Int+6
                  | Stlth-}
 80336 | Slime:5  | Identified the +2 robe of Atheism {rC+}
 80478 | Slime:5  | Identified the +2 scale mail of Qahafuc {Str+5}
 80495 | Slime:5  | Identified the ring of Vaudatuh {rC+ rN+++ Str-5 Int-5
                  | Stlth+}
 80496 | Slime:5  | Identified the +11 executioner's axe of Indignation
                  | {antimagic, Int+3}
 80508 | Slime:5  | Identified the +0 robe of the Aged Riding Moons {Fly Str-5
                  | Int+5}
 80537 | Slime:5  | Identified the +10 chain mail "Hoptaoj" {rF+ rC+ Dex+2}
 81162 | Depths:1 | Entered Level 1 of the Depths
 81173 | Depths:1 | Noticed Norris
 81180 | Depths:1 | Killed Norris
 81902 | Depths:1 | Found a gateway to Hell.
 81915 | Depths:1 | Noticed a caustic shrike
 81915 | Depths:1 | Noticed a golden dragon
 82393 | Depths:1 | Found a one-way gate to the infinite horrors of the Abyss.
 82749 | Depths:1 | Found Towni Yho's Weapon Shoppe.
 82750 | Depths:1 | Found Peavedus's Magic Scroll Emporium.
 82753 | Depths:1 | Found Zegustra's Weapon Shoppe.
 82754 | Depths:1 | Found Qicw's Book Emporium.
 82766 | Depths:1 | Bought a scroll of teleportation for 60 gold pieces
 82766 | Depths:1 | Bought a scroll of teleportation for 60 gold pieces
 82924 | Depths:2 | Noticed a juggernaut
 82930 | Depths:2 | Killed a juggernaut
 82961 | Depths:2 | Noticed Aizul
 83122 | Depths:2 | Killed Aizul
 83304 | Depths:2 | Found a runed translucent door.
 83304 | Depths:2 | Found a runed translucent door.
 83304 | Depths:2 | Noticed a golden dragon
 83305 | Depths:2 | Found a runed translucent door.
 84072 | Depths:2 | Noticed Asterion
 84089 | Depths:2 | Killed Asterion
 84090 | Depths:2 | Reached XP level 24. HP: 193/193 MP: 14/47
 84429 | Depths:2 | Noticed a caustic shrike
 84437 | Depths:2 | Killed a caustic shrike
 84461 | Depths:2 | Noticed Sojobo
 84471 | Depths:2 | Killed Sojobo
 84752 | Depths:2 | Found a runed translucent door.
 85047 | Depths:2 | Identified the of Vijykkedgh (You acquired it on level 2
                  | of the Depths)
 85047 | Depths:2 | Acquired 616 gold pieces
 85340 | Depths:2 | Identified the amulet of Esuilaf {Reflect rPois Will++
                  | Str-3 SH+5}
 85879 | Depths:2 | Identified the +1 ring mail of Classification {Drain rPois
                  | Regen+ Int+4}
 86765 | Depths:2 | Found a hazy altar of Hepliaklqana.
 86779 | Depths:2 | Found a sacrificial altar of Ru.
 86801 | Depths:2 | Reached skill level 24 in Summonings
 86880 | Depths:2 | Found a hazy altar of Hepliaklqana.
 86880 | Depths:2 | Found a hide-covered altar of Uskayaw.
 87314 | Depths:2 | Identified the ring "Lawe Nic" {rC++ EV+5 Str-5 Int+3
                  | Dex+2}
 87468 | Depths:2 | Found a one-way gate leading to the halls of Pandemonium.
 88098 | Depths:2 | Acquired 1109 gold pieces
 88133 | Depths:2 | Identified the staff of Pain and Death {Fragile rElec rN+
                  | Will++ Earth}
 89442 | Depths:2 | Identified the +2 quarterstaff of Agony {holy, rC+ Will-
                  | Dex+3}
 89802 | Vaults:5 | Entered Level 5 of the Vaults
 89802 | Vaults:5 | Noticed a dread lich
 89829 | Vaults:5 | Reached XP level 25. HP: 185/206 MP: 12/48
 89957 | Vaults:5 | Killed a dread lich
 90374 | Vaults:5 | Identified the ring "Tulilyodd" {Fly rPois rF- rCorr Str-2}
 90910 | Vaults:5 | Identified the +0 robe "Zelip" {Str-5 SInv Stlth+ Archmagi}
 91312 | Vaults:5 | Identified the +1 pair of gloves "Elumokk" {rCorr SInv
                  | Stlth+}
 91318 | Vaults:5 | Identified the "Kuij" (You acquired it on level 5 of the
                  | Vaults)
 91318 | Vaults:5 | Acquired the +2 pair of gloves "Nuitha" {rPois rC- Int+7}
 91332 | Vaults:5 | Identified the +0 cloak of Activism {Str+3 Dex+2}
 92008 | Vaults:5 | Identified the staff "Hick" {rF+ rC+ Will+ Int-3 Fire}
 92039 | Vaults:5 | Identified the staff "Ujemar" {rN+ rCorr Dex+3 Necro}
 92064 | Vaults:5 | Identified the +3 plate armour of the Morning Star {Dex+3
                  | Slay+2}
 92066 | Vaults:5 | Got a silver rune of Zot
 93724 | Depths:4 | Entered Level 4 of the Depths
 93733 | Depths:4 | Noticed a juggernaut
 93739 | Depths:4 | Killed a juggernaut
 93763 | Depths:4 | Learned a level 2 spell: Sublimation of Blood
 93769 | Depths:4 | Learned a level 5 spell: Irradiate
 93844 | Depths:4 | Reached skill level 1 in Necromancy
 94052 | Depths:4 | Found a gate to the Realm of Zot.
 94127 | Zot:1    | Entered Level 1 of the Realm of Zot
 94133 | Zot:1    | Reached XP level 26. HP: 184/218 MP: 26/49
 94655 | Zot:2    | Reached skill level 5 in Necromancy
 94912 | Zot:2    | You are sucked into a shaft and drop 2 floors!
 94928 | Zot:4    | Noticed an orb of fire
 94946 | Zot:4    | Killed an orb of fire
 95879 | Zot:5    | Entered Level 5 of the Realm of Zot
 96692 | Zot:5    | Noticed a dread lich
 96722 | Zot:5    | Noticed an orb of fire
 96743 | Zot:5    | Noticed a Killer Klown
 96751 | Zot:5    | Killed a dread lich
 96756 | Zot:5    | Noticed an orb of fire
 96796 | Zot:5    | Killed a Killer Klown
 96873 | Zot:5    | Noticed an orb of fire
 96877 | Zot:5    | Killed a Killer Klown
 96903 | Zot:5    | Noticed an orb of fire
 96931 | Zot:5    | Killed a dread lich
 96935 | Zot:5    | Noticed an orb of fire
 96963 | Zot:5    | Killed an orb of fire
 97060 | Zot:5    | Noticed an ancient lich
 97061 | Zot:5    | Killed an ancient lich
 97099 | Zot:5    | Noticed an ancient lich
 97103 | Zot:5    | Killed an ancient lich
 97104 | Zot:5    | Killed a Killer Klown
 97157 | Zot:5    | Noticed a Killer Klown
 97160 | Zot:5    | Reached XP level 27. HP: 229/229 MP: 49/49
 97161 | Zot:5    | Noticed a dread lich
 97166 | Zot:5    | Killed a dread lich
 97167 | Zot:5    | Reached skill level 10 in Necromancy
 97168 | Zot:5    | Noticed a dread lich
 97168 | Zot:5    | Killed a dread lich
 97173 | Zot:5    | Noticed an orb of fire
 97178 | Zot:5    | Killed an orb of fire
 97435 | Zot:5    | Got the Orb of Zot
 97459 | Zot:5    | Noticed a seraph
 97474 | Zot:5    | Killed a seraph
 97682 | Zot:2    | Noticed Ciymyz the pandemonium lord
 97963 | D:5      | Noticed Ryzughuf the pandemonium lord
 98049 | D:$      | Escaped with the Orb!

Illustrated notes

Levels and vault maps discovered:
D:1:      minmay_arrival_three_doors, layout_rooms,
          chequers_ecumenical_altar_grove, minmay_misc_feat_cross
D:2:      layout_loops_ring
D:3:      layout_loops_corners, mainiacjoe_overflow_chevrons,
          lightli_temple_of_fire, gammafunk_ghost_arena, hex_large
D:4:      cheibrodos_thug_alley, layout_layer_cave,
          minmay_temple_entry_large_hall
D:5:      layout_rooms, uniq_blork_the_orc
D:6:      minmay_diamond_boxcup, layout_loops_ring,
          mainiacjoe_overflow_alcove_4, hangedman_decor_opposing,
          minmay_misc_feat_iff
D:7:      layout_basic
D:8:      layout_loops_corners, uniq_maurice
D:9:      layout_roguey, gammafunk_temple_overflow_wave
D:10:     layout_rooms, mainiacjoe_overflow_large_starburst
D:11:     layout_gridville, erik_lair_island, gauntlet_entry_generic,
          hangedman_decor_clover_reticule, uniq_erica
D:12:     layout_stronghold, erik_orc_4, wad_scary_box, uniq_lodul
D:13:     layout_loops_cross, serial_shops,
          nicolae_shop_temple_entry_statues_fountains, kennysheep_vampire_church
D:14:     layout_small_grid, hellmonk_vaults_keyhole,
          hangedman_abyss_or_decor_clamps
D:15:     gammafunk_depths_entry_grave, layout_basic, nicolae_ru_path_of_blood
Temple:   regret_index_temple_waves
Lair:1:   layout_gridlike, basic_altar
Lair:2:   gammafunk_boulding_lane, layout_regular_city
Lair:3:   layout_loops_ring, swamp_mist, hellmonk_spider_entry_life_and_decay,
          beast_lair_carwin_9, serial_bayou_shore_a
Lair:4:   layout_long_grid, nicolae_slime_entry_field_trip, lemuel_fruit_fields,
          infiniplex_staircase_pool_2
Lair:5:   evilmike_catoblepas_cave, layout_regular_city
Swamp:1:  cheibrodos_swamp_monstrosity, layout_basic_swamp, hangedman_swamp_pad,
          uniq_nikola
Swamp:2:  layout_basic_swamp, lemuel_altar_in_water, st_swamp_ruins_4,
          uniq_roxanne
Swamp:3:  layout_falls_marsh, ebering_ghost_xom, evilmike_swamp_ruin_rubble_1,
          uniq_mara
Swamp:4:  swamp_basic_johnstein, layout_basic_swamp
Spider:1: layout_spider_delve
Spider:2: layout_spider_delve
Spider:3: layout_spider_delve, uniq_azrael
Spider:4: spider_rune_water, uniq_kirke, uniq_agnes
Slime:1:  layout_caves, cheibrodos_slime_lost_civilization_6
Slime:2:  layout_caves
Slime:3:  layout_caves, uniq_dissolution
Slime:4:  layout_caves
Slime:5:  slime_pit
Orc:1:    layout_caves, minmay_orc_barracks
Orc:2:    grunt_orc_community_town_hall, layout_caves,
          grunt_orc_community_big_house_1, grunt_orc_community_big_house_1,
          grunt_orc_community_house_2, grunt_orc_community_house_1,
          grunt_orc_community_house_3, grunt_orc_community_house_1, basic_altar
Elf:1:    layout_geoelf_grid, serial_shops, shop, hangedman_corner_corridor,
          nicolae_gammafunk_elf_defective_weapons_storage, grunt_megastairs_4
Elf:2:    nicolae_elf_blades_crystal_corner, layout_geoelf_diagonals
Elf:3:    elf_hall, layout_gridlike, serial_co_window_serial,
          co_window_corner_a, co_window_paths_a, co_window_paths_a,
          co_window_of_opportunity_a, co_window_corner_a, co_window_broadway_c,
          co_window_of_opportunity_b, co_window_2corner, co_window_corner_cb,
          co_window_corner_b, co_window_corner_ca, co_window_4corner_a,
          co_window_paths_e, glass_columns_a, glass_columns_b, glass_columns_a,
          glass_columns_a, glass_columns_a, portal_ice_cave_entry_pillars_four
Vaults:1: ontoclasm_vaults_claustrophobia, v_pattern_3, nicolae_vaults_six-pack,
          nicolae_vaults_storage_room_doors, nicolae_vaults_diagonal_hallway_8,
          nicolae_vaults_more_shelving_2, nicolae_vaults_wine_cellar,
          vaults_room_fours, ontoclasm_vaults_ligature,
          nicolae_vaults_tetromino_T_2, nicolae_vaults_murderbox,
          nicolae_vaults_surprise_closet, layout_vaults_omnigrid, serial_shops,
          shop
Vaults:2: v_misc_11, vaults_room_fours, vaults_room_door_hall,
          nicolae_vaults_trapezoid_3, vaults_room_door_hall,
          minmay_crypt_entry_necro_gods, grunt_vaults_funnel,
          nicolae_vaults_big_ls, nicolae_vaults_circle_grid_b,
          nicolae_vaults_theta, nicolae_vaults_double_plus_1,
          vaults_room_door_ring, layout_vaults_ring
Vaults:3: v_alt_pattern_4, grunt_vaults_swirl,
          nicolae_vaults_network_quinsquares
          [nicolae_vaults_network_quincunx_subvault,
          nicolae_vaults_network_quincunx_subvault,
          nicolae_vaults_network_quincunx_subvault,
          nicolae_vaults_network_quincunx_subvault],
          nicolae_vaults_shipping_containers_5, nicolae_vaults_apartment_1,
          ontoclasm_vaults_ring_square, v_misc_31, vaults_dpeg_hooks,
          nicolae_vaults_border_crossing, nicolae_vaults_turnstiles,
          hangedman_vaults_pinch, vaults_room_fancy_cross, layout_vaults_maze
Vaults:4: nicolae_vaults_wrenched, ontoclasm_vaults_fault,
          hangedman_vaults_unwind, nicolae_vaults_branching_niches,
          grunt_vaults_hallway_short, vaults_dpeg_diagonal,
          layout_vaults_chaotic_city
Vaults:5
Depths:1: layout_basic, minmay_room_of_horrors, hell_entry,
          minmay_crystal_water, minivault_12, minmay_shoptagon, uniq_norris
Depths:2: minmay_the_grid_ultimate [minmay_the_grid_prize_trominoes,
          minmay_the_grid_prize_diamond_cup,
          minmay_the_grid_prize_shrinking_boxes,
          minmay_the_grid_prize_four_corners, minmay_the_grid_square_5x5_bite,
          minmay_the_grid_square_5x5_two_walls_a,
          minmay_the_grid_square_5x5_comb, minmay_the_grid_square_5x5_inset,
          minmay_the_grid_square_5x5_gyroscope,
          minmay_the_grid_square_5x5_dogpile,
          minmay_the_grid_square_5x5_shuriken,
          minmay_the_grid_square_5x5_checkered,
          minmay_the_grid_square_5x5_seven, minmay_the_grid_square_5x5_plus,
          minmay_the_grid_square_5x5_fancy_junction,
          minmay_the_grid_square_5x5_shrine1,
          minmay_the_grid_square_5x5_tri_point,
          minmay_the_grid_square_5x5_n_small,
          minmay_the_grid_square_5x5_minimal,
          minmay_the_grid_triangle_9x9_semitri,
          minmay_the_grid_triangle_9x9_minimal,
          minmay_the_grid_triangle_9x9_negative_grid,
          minmay_the_grid_triangle_9x9_descending_squares,
          minmay_the_grid_triangle_9x9_subtriangle,
          minmay_the_grid_triangle_9x9_skeleton,
          minmay_the_grid_triangle_9x9_pentomino_pain,
          minmay_the_grid_triangle_9x9_empty,
          minmay_the_grid_triangle_9x9_empty,
          minmay_the_grid_triangle_9x9_sparse_checkered,
          minmay_the_grid_triangle_9x9_limited_checkers,
          minmay_the_grid_triangle_9x9_impossible_snake,
          minmay_the_grid_triangle_9x9_from_above,
          minmay_the_grid_triangle_9x9_fully_insulated_deathbox,
          minmay_the_grid_triangle_9x9_zippers_horizontal,
          minmay_the_grid_triangle_9x9_steps, minmay_the_grid_square_5x5_spiral,
          minmay_the_grid_octo_toaster, minmay_the_grid_octo_shrine,
          minmay_the_grid_octo_focus, minmay_the_grid_octo_clover_2,
          minmay_the_grid_octo_thin_diamonds, minmay_the_grid_octo_fat_diamond,
          minmay_the_grid_octo_chip, minmay_the_grid_octo_empty,
          minmay_the_grid_slots, minmay_the_grid_minigrid_medium,
          minmay_the_grid_empty, minmay_the_grid_broken_lines], hell_entry,
          pan_entry, uniq_sojobo, uniq_asterion, uniq_aizul
Depths:3: nicolae_hexawheel, layout_basic, rand_demon_pan_entry_4,
          nicolae_abyss_entry_one_way_or_another, hangedman_coc_ice_floe
Depths:4: grunt_zot_entry_funnels, layout_cave_pools, enter_ziggurat_c,
          serial_shops, nicolae_shop_hallway_plus, grunt_mini_vestibule,
          abyss_entry, fountainhead, serial_bayou_lagoon_a
Zot:1:    layout_misc_corridors, ebering_ghost_reflecting_pool
Zot:2:    layout_onion
Zot:3:    gammafunk_its_a_trap, layout_onion_interference, grunt_megastairs_1
Zot:4:    layout_onion_interference
Zot:5:    layout_basic

Skill      XL: |  1  2  3  4  5  6  7  8  9 10 11 12 13 14 15 16 17 18 19 20 21 22 23 24 25 26 27 |
---------------+----------------------------------------------------------------------------------+-----
Stealth        | 2 3 |  3.0
Fighting       | 1 2 3 4 6 10 11 12 14 15 16 18 20 21 22 | 22.5
Spellcasting   | 3 4 6 8 11 12 13 14 18 20 21 22 | 22.0
Conjurations   | 1 3 4 5 6 8 11 12 | 12.0
Short Blades   | 2 4 |  4.0
Throwing       | 1 2 |  2.0
Earth Magic    | 4 5 6 8 |  8.0
Evocations     | 1 4 8 |  8.0
Dodging        | 3 6 8 10 12 15 17 20 21 22 | 22.8
Armour         | 4 7 8 |  8.0
Air Magic      | 3 6 8 11 16 19 | 19.0
Summonings     | 2 10 14 16 20 22 23 24 | 24.0
Fire Magic     | 6 |  6.0
Long Blades    | 6 7 9 |  9.5
Necromancy     | 2 9 10 | 10.0
Transmutations | |  1.1

Action                     |  1- 3 |  4- 6 |  7- 9 | 10-12 | 13-15 | 16-18 | 19-21 | 22-24 | 25-27 || total
---------------------------+-------+-------+-------+-------+-------+-------+-------+-------+-------++-------
  Melee: Short sword       |       |    19 |     5 |    96 |    40 |       |       |       |       ||   160
         Punch             |       |       |       |     1 |     1 |       |       |       |       ||     2
         Staff             |       |       |       |       |     3 |       |     5 |     2 |    17 ||    27
         Scimitar          |       |       |       |       |       |    21 |       |     3 |       ||    24
  Throw: Stone             |     8 |     4 |       |       |       |       |       |       |       ||    12
         Dart              |       |       |    21 |    16 |    23 |     3 |       |     4 |       ||    67
   Cast: Sandblast         |    45 |    87 |    61 |    93 |    14 |       |       |       |       ||   300
         Stone Arrow       |       |     8 |    79 |   201 |   291 |    34 |    10 |     2 |       ||   625
         Passwall          |       |     5 |       |       |       |       |     2 |       |       ||     7
         Brom's Barrelling |       |       |     9 |    30 |    10 |       |       |       |       ||    49
         Summon Lightning  |       |       |       |    15 |   116 |     7 |     1 |       |       ||   139
         Airstrike         |       |       |       |       |   231 |   105 |    50 |    19 |    35 ||   440
         Monstrous Menager |       |       |       |       |     4 |    81 |    71 |    10 |     2 ||   168
         Spellforged Servi |       |       |       |       |       |    68 |    91 |    28 |     2 ||   189
         Plasma Beam       |       |       |       |       |       |    22 |   212 |   221 |    77 ||   532
         Dragon's Call     |       |       |       |       |       |       |       |    61 |    28 ||    89
         Maxwell's Capacit |       |       |       |       |       |       |       |     7 |     8 ||    15
         Summon Horrible T |       |       |       |       |       |       |       |    20 |    37 ||    57
         Sublimation of Bl |       |       |       |       |       |       |       |       |     4 ||     4
 Invoke: Call Merchant     |       |       |       |     1 |       |     1 |     2 |     2 |       ||     6
         Potion Petition   |       |       |       |       |       |     1 |     1 |       |     1 ||     3
         Bribe Branch      |       |       |       |       |       |       |       |     1 |     2 ||     3
Ability: Hop               |       |     5 |     4 |     3 |     5 |     4 |     9 |     4 |     6 ||    40
  Evoke: Wand              |       |     1 |     8 |    13 |    26 |    36 |    14 |     8 |    14 ||   120
         Phantom mirror    |       |       |       |       |       |       |       |       |     1 ||     1
         Sack of spiders   |       |       |       |       |       |       |       |       |     1 ||     1
         Condenser vane    |       |       |       |       |       |       |       |       |     1 ||     1
    Use: Scroll            |     1 |     6 |    10 |     7 |     9 |    10 |     5 |    11 |     8 ||    67
         Potion            |       |     2 |       |     1 |       |     2 |     2 |     4 |    10 ||    21
 Armour: Robe              |     2 |    33 |     2 |       |    66 |    30 |    75 |   175 |   161 ||   544
         Leather armour    |       |       |    33 |   144 |    85 |   104 |    87 |       |       ||   453
         Skin              |       |       |       |       |       |     1 |       |       |       ||     1
  Dodge: Dodged            |     7 |    28 |    39 |   190 |   229 |   171 |   198 |   182 |   204 ||  1248

Table legend: (Time is in decaauts)
 A = Elapsed time spent in this place.
 B = Non-inter-level travel time spent in this place.
 C = Inter-level travel time spent in this place.
 D = Time resting spent in this place.
 E = Time spent auto-exploring this place.
 F = Levels seen in this place.
 G = Mean time per level.
                   A        B        C        D        E       F      G
               +--------+--------+--------+--------+--------+-----+--------+
         Total | 106133 |  98992 |   7141 |  12435 |  68973 |  56 | 1895.2 |
       Dungeon |  33528 |  30747 |   2781 |   6609 |  17251 |  15 | 2235.2 |
        Temple |     62 |      2 |     60 |      0 |      0 |   1 |   62.0 |
          Lair |  11145 |   9840 |   1305 |    451 |   8029 |   5 | 2229.0 |
         Swamp |   7287 |   6920 |    367 |   1376 |   4630 |   4 | 1821.8 |
   Spider Nest |   8372 |   7949 |    423 |    765 |   6158 |   4 | 2093.0 |
    Slime Pits |   3340 |   3056 |    284 |   1408 |   1120 |   5 |  668.0 |
  Orcish Mines |   4086 |   3657 |    429 |    179 |   2925 |   2 | 2043.0 |
   Elven Halls |   6120 |   5743 |    377 |    684 |   4262 |   3 | 2040.0 |
        Vaults |  15269 |  14675 |    594 |    107 |  12511 |   5 | 3053.8 |
        Depths |  10420 |  10124 |    296 |    209 |   8361 |   4 | 2605.0 |
           Zot |   3866 |   3645 |    221 |    576 |   2044 |   5 |  773.2 |
         Abyss |    228 |    228 |      0 |     40 |      0 |   1 |  228.0 |
      Ice Cave |   2106 |   2106 |      0 |     31 |   1513 |   1 | 2106.0 |
      Gauntlet |    297 |    297 |      0 |      0 |    164 |   1 |  297.0 |
               +--------+--------+--------+--------+--------+-----+--------+

Top non-repeatable levels by time:
Depths:2: 7170 daAuts
Vaults:1: 3371 daAuts
     D:3: 3361 daAuts
Vaults:4: 3166 daAuts
Vaults:2: 3125 daAuts
    D:12: 2958 daAuts
    D:14: 2931 daAuts
Spider:4: 2918 daAuts
Vaults:5: 2887 daAuts
   Orc:2: 2859 daAuts
   Elf:1: 2822 daAuts
  Lair:3: 2818 daAuts
Vaults:3: 2717 daAuts
    D:15: 2681 daAuts
  Lair:5: 2608 daAuts
